[Event "December 19 Early 2023"]
[Site "https://www.chess.com"]
[Date "2023.12.19"]
[Round "2"]
[White "Kuchava, Ana"]
[Black "Dmitrenko, Viktor"]
[Result "0-1"]
[Board "214"]
[TimeControl "180+1"]
[WhiteFideId "13605348"]
[BlackFideId "14110270"]
[WhiteElo "1950"]
[BlackElo "2292"]
[WhiteTeam "GEO"]
[BlackTeam "UKR"]
[WhiteClock "0:00:04"]
[BlackClock "0:00:09"]

1. d4 d5 2. Nf3 Nf6 3. c4 e6 4. Nc3 a6 5. e3 dxc4 6. Bxc4 b5 7. Bd3 c5 8. O-O Bb7 9. e4 cxd4 10. Nxd4 Bc5 11. Nb3 Bb6 12. Bg5 Nbd7 13. Qe2 h6 14. Bh4 Qb8 15. Rfd1 O-O 16. Rac1 Bc7 17. Bg3 Bxg3 18. hxg3 Rd8 19. Na5 Ne5 20. Nxb7 Qxb7 21. Bb1 b4 22. Na4 Qb5 23. Qxb5 axb5 24. Nc5 Nc4 25. b3 Na3 26. Bd3 Rac8 27. Be2 Rxd1+ 28. Bxd1 Nxe4 29. Nd3 Rxc1 30. Nxc1 Nc3 31. Bf3 Nc2 32. Kf1 e5 33. Bc6 Kf8 34. Bf3 f6 35. Bg4 Ke7 36. Bh5 Kd6 37. Bg6 Kc5 38. Nd3+ Kd4 39. Nc1 Na3 40. Ne2+ Nxe2 41. Kxe2 Kc3 42. Ke3 Kb2 43. Kd2 Kxa2 44. Bf7 Kb2 45. Ke3 Nb1 46. Ke4 Nd2+ 47. Kd5 Nxb3 48. Kc6 Nd4+ 49. Kc5 b3 50. Kb4 Kc2 51. Bg6+ Kb2 52. Be4 Ka2 53. g4 b2 54. Bd5+ Ka1 55. Be4 b1=Q+ 56. Bxb1 Kxb1 57. Kc3 Ka2 0-1

[Event "December 19 Early 2023"]
[Site "https://www.chess.com"]
[Date "2023.12.19"]
[Round "2"]
[White "Chemin, Justo Reinaldo"]
[Black "Serra Canals, Oriol"]
[Result "1/2-1/2"]
[Board "215"]
[TimeControl "180+1"]
[WhiteFideId "2101580"]
[BlackFideId "22276084"]
[WhiteElo "1940"]
[BlackElo "2108"]
[WhiteTeam "BRA"]
[BlackTeam "ESP"]
[WhiteClock "0:00:08"]
[BlackClock "0:00:14"]

1. d4 e6 2. c4 d5 3. Nc3 Nf6 4. Bg5 Be7 5. e3 h6 6. Bh4 O-O 7. Bd3 b6 8. cxd5 Nxd5 9. Bxe7 Qxe7 10. Nge2 Nxc3 11. bxc3 Bb7 12. O-O Nd7 13. e4 e5 14. Ng3 Rfd8 15. Nf5 Qf8 16. Qg4 Kh8 17. d5 Nc5 18. Bc2 Bc8 19. Qf3 Bxf5 20. Qxf5 Qe7 21. f4 Re8 22. fxe5 Qxe5 23. Qxf7 Qxc3 24. Rac1 Rf8 25. Qxf8+ Rxf8 26. Rxf8+ Kh7 27. e5+ Nd3 28. Bxd3+ Qxd3 29. Rxc7 Qd1+ 30. Kf2 Qxd5 31. Rff7 Qxe5 32. Rxa7 Qd4+ 33. Kf3 Qd3+ 34. Kg4 Qe2+ 35. Kh3 Qd3+ 36. g3 Qe4 37. Rxg7+ Kh8 38. Rh7+ Kg8 39. Rag7+ Kf8 40. Rf7+ Kg8 41. Rhg7+ Kh8 42. Rh7+ Kg8 43. Rfg7+ Kf8 44. Rf7+ Kg8 1/2-1/2

[Event "December 19 Early 2023"]
[Site "https://www.chess.com"]
[Date "2023.12.19"]
[Round "2"]
[White "Mazurkiewicz, Michal"]
[Black "Essing, Arnold"]
[Result "1-0"]
[Board "216"]
[TimeControl "180+1"]
[WhiteFideId "1124943"]
[BlackFideId "4619862"]
[WhiteElo "2103"]
[BlackElo "2257"]
[WhiteTeam "POL"]
[BlackTeam "GER"]
[WhiteClock "0:02:03"]
[BlackClock "0:00:12"]

1. e4 Nf6 2. d3 e5 3. Nf3 Nc6 4. g3 d5 5. exd5 Nxd5 6. Bg2 Be6 7. Nc3 Nxc3 8. bxc3 Be7 9. O-O Qd7 10. Re1 f6 11. d4 exd4 12. cxd4 O-O-O 13. c3 Bd5 14. Qa4 Kb8 15. Rb1 Rhe8 16. c4 Bxf3 17. Bxf3 Qf5 18. Rxb7+ Kxb7 19. Qxc6+ Kc8 20. Qb7+ Kd7 21. Bc6+ Kd6 22. c5+ 1-0

[Event "December 19 Early 2023"]
[Site "https://www.chess.com"]
[Date "2023.12.19"]
[Round "2"]
[White "Bon, Michael"]
[Black "Travadon, Loic"]
[Result "1-0"]
[Board "217"]
[TimeControl "180+1"]
[WhiteFideId "620696"]
[BlackFideId "26092131"]
[WhiteElo "2462"]
[BlackElo "2406"]
[WhiteTeam "FRA"]
[BlackTeam "FRA"]
[WhiteClock "0:00:10"]
[BlackClock "0:00:20"]

1. e4 e5 2. Nf3 Nc6 3. Bc4 Bc5 4. c3 Nf6 5. d3 d6 6. a4 a5 7. Bb3 Be6 8. Bc2 Qb8 9. Nbd2 Qa7 10. O-O Ng4 11. Qe2 f5 12. Nb3 O-O 13. Nxc5 Qxc5 14. h3 fxe4 15. dxe4 Bc4 16. Bd3 Bxd3 17. Qxd3 Ne7 18. hxg4 Rf7 19. Ng5 Rf6 20. Be3 Qc6 21. f3 h6 22. Nh3 g5 23. c4 Raf8 24. Bd2 Qd7 25. Bxa5 Ng6 26. Bd2 Nh4 27. Rae1 Kg7 28. Bc3 Kg6 29. Re3 h5 30. gxh5+ Kxh5 31. Nf2 Rf4 32. Ng4 Qh7 33. Be1 Kg6 34. Bg3 Rh8 35. Bxf4 gxf4 36. Ree1 Kg5 37. Kf2 Qd7 38. Rh1 Qxa4 39. Qc3 Qa7+ 40. Ke2 Ra8 41. Rh2 c6 42. Reh1 Rh8 43. Nxe5 Qc5 44. Nf7+ Kg6 45. Nxh8+ Kh7 46. Rxh4+ Kg8 47. Rg4+ 1-0

[Event "December 19 Early 2023"]
[Site "https://www.chess.com"]
[Date "2023.12.19"]
[Round "2"]
[White "Rakhimgaliyev, Yerlan"]
[Black "Vila Dupla, Aurelio"]
[Result "1-0"]
[Board "218"]
[TimeControl "180+1"]
[WhiteFideId "13705148"]
[BlackFideId "2203383"]
[WhiteElo "2261"]
[BlackElo "2009"]
[WhiteTeam "KAZ"]
[BlackTeam "ESP"]
[WhiteClock "0:02:18"]
[BlackClock "0:00:17"]

1. e4 c5 2. c3 d5 3. exd5 Qxd5 4. d4 Nf6 5. Nf3 Bg4 6. Be2 e6 7. O-O Nc6 8. h3 Bh5 9. Na3 cxd4 10. Nb5 Rc8 11. Nbxd4 Bc5 12. Nxc6 Qxc6 13. Ne5 Bxe2 14. Qxe2 Qb6 15. b4 Be7 16. Be3 Qc7 17. Qb5+ Kf8 18. Bxa7 Bd6 19. Bd4 Nd5 20. Rac1 f6 21. Nd7+ Kf7 22. Nc5 Bxc5 23. Bxc5 b6 24. c4 Ne7 25. Bxb6 Qb7 26. c5 Qc6 27. Qxc6 Nxc6 28. b5 Nb4 29. a4 Nd5 30. a5 1-0

[Event "December 19 Early 2023"]
[Site "https://www.chess.com"]
[Date "2023.12.19"]
[Round "2"]
[White "Manukyan, Sargis V."]
[Black "Ratnesan, Ranesh"]
[Result "1-0"]
[Board "219"]
[TimeControl "180+1"]
[WhiteFideId "13303465"]
[BlackFideId "439339"]
[WhiteElo "2236"]
[BlackElo "2160"]
[WhiteTeam "ARM"]
[BlackTeam "ENG"]
[WhiteClock "0:00:52"]
[BlackClock "0:00:17"]

1. Nf3 d5 2. c4 e6 3. d4 Nf6 4. g3 c5 5. Bg2 Nc6 6. cxd5 exd5 7. O-O Be7 8. Nc3 O-O 9. dxc5 Bxc5 10. Na4 Be7 11. Be3 Qa5 12. a3 Bf5 13. b4 Qb5 14. Rc1 Rfd8 15. Nc3 Qc4 16. Nd4 Nxd4 17. Bxd4 Qa6 18. Qb3 Be4 19. Bxf6 Bxf6 20. Nxe4 dxe4 21. Bxe4 Qxe2 22. Bxb7 Rab8 23. Bd5 Qe7 24. Rfe1 Qd6 25. Bxf7+ 1-0

[Event "December 19 Early 2023"]
[Site "https://www.chess.com"]
[Date "2023.12.19"]
[Round "2"]
[White "Papp, Petra"]
[Black "Mohammadi, Melika"]
[Result "0-1"]
[Board "220"]
[TimeControl "180+1"]
[WhiteFideId "739049"]
[BlackFideId "42529271"]
[WhiteElo "2270"]
[BlackElo "1901"]
[WhiteTeam "HUN"]
[BlackTeam "IRI"]
[WhiteClock "0:00:21"]
[BlackClock "0:00:05"]

1. e4 e5 2. Nf3 Nf6 3. Nxe5 d6 4. Nf3 Nxe4 5. Nc3 Nxc3 6. dxc3 Be7 7. Be3 Be6 8. Qd2 c5 9. Bb5+ Nc6 10. Ng5 Qb6 11. Nxe6 fxe6 12. Bxc6+ Qxc6 13. O-O O-O-O 14. Bg5 Bxg5 15. Qxg5 h6 16. Qg6 Qd7 17. Rfe1 Rde8 18. a4 Rhf8 19. a5 Rf6 20. Qe4 d5 21. Qe3 Qc7 22. b4 cxb4 23. Qxa7 bxc3 24. a6 bxa6 25. Qxa6+ Kd7 26. Qb5+ Ke7 27. Ra6 Kf8 28. Rea1 Qf7 29. Ra7 Qg6 30. Qc5+ Kg8 31. Qxc3 Ref8 32. Qg3 Qxg3 33. fxg3 Rf2 34. Rc7 e5 35. h3 R8f7 36. Raa7 Rxc7 37. Rxc7 Rd2 38. Re7 e4 39. c4 dxc4 40. Rxe4 c3 41. Rc4 c2 42. Kh2 Kh7 43. g4 Kg6 44. Rc5 Kf6 45. Kg3 Ke6 46. Kf3 Kd6 47. Rc8 Ke5 48. Ke3 Rxg2 49. Rc5+ Kf6 50. Kf3 Rd2 51. Ke3 Rh2 52. Rxc2 Rxc2 53. Kf4 Rh2 54. Kg3 Rc2 55. h4 Rc3+ 56. Kf4 Kg6 57. h5+ Kh7 58. Ke4 Rc4+ 59. Kf5 Rc5+ 60. Kf4 Kg8 61. g5 Rxg5 62. Ke4 Rxh5 63. Kf4 Rg5 64. Ke4 Rg6 0-1

[Event "December 19 Early 2023"]
[Site "https://www.chess.com"]
[Date "2023.12.19"]
[Round "2"]
[White "Putri, Regita Desyari"]
[Black "Bagrationi, Alexander"]
[Result "0-1"]
[Board "221"]
[TimeControl "180+1"]
[WhiteFideId "7109083"]
[BlackFideId "14104954"]
[WhiteElo "1930"]
[BlackElo "2366"]
[WhiteTeam "INA"]
[BlackTeam "ISR"]
[WhiteClock "0:00:00"]
[BlackClock "0:01:15"]

1. e4 Nc6 2. Nf3 f5 3. e5 d6 4. Bb5 dxe5 5. Nxe5 Qd5 6. Bxc6+ bxc6 7. Nf3 Ba6 8. d3 e5 9. Nc3 Qd6 10. O-O O-O-O 11. Re1 Re8 12. Be3 Nf6 13. Rb1 Nd5 14. Nxd5 cxd5 15. b4 d4 16. Bd2 Qd5 17. a4 Bd6 18. b5 Bb7 19. c4 dxc3 20. Bxc3 g5 21. Re2 g4 22. Ne1 h5 23. Bb4 h4 24. Bxd6 cxd6 25. b6 a6 26. Rc2+ Kb8 27. Rc7 h3 28. Qd2 hxg2 29. Rxb7+ Kxb7 30. Nxg2 Rc8 31. Qg5 Qf7 32. Qe3 Rh3 33. Qe2 Qd5 0-1

[Event "December 19 Early 2023"]
[Site "https://www.chess.com"]
[Date "2023.12.19"]
[Round "2"]
[White "Kanyamarala, Trisha"]
[Black "Guzman Lozano, Campo Elias"]
[Result "1-0"]
[Board "222"]
[TimeControl "180+1"]
[WhiteFideId "45004722"]
[BlackFideId "4403746"]
[WhiteElo "2078"]
[BlackElo "2099"]
[WhiteTeam "IRL"]
[BlackTeam "COL"]
[WhiteClock "0:00:03"]
[BlackClock "0:00:00"]

1. c4 e6 2. Nc3 c6 3. e4 c5 4. Nf3 Nc6 5. Be2 Nge7 6. d4 cxd4 7. Nxd4 Nxd4 8. Qxd4 Nc6 9. Qe3 b6 10. O-O Bc5 11. Qg3 Qf6 12. e5 Qg6 13. Bf4 Qxg3 14. Bxg3 O-O 15. Rfd1 Nd4 16. Bd3 Bb7 17. a3 a5 18. Be4 Rab8 19. Rac1 Nb3 20. Rc2 Bd4 21. Bxb7 Rxb7 22. Nb5 Bc5 23. a4 Bb4 24. Bf4 Nc5 25. Be3 Nxa4 26. f4 Bc5 27. Kf2 Bxe3+ 28. Kxe3 Nc5 29. Nd6 Rc7 30. Ne4 f5 31. Nc3 Nb3 32. Nb5 Rb7 33. Rd6 Rc8 34. Rc3 Nc5 35. Rc1 Ne4 36. b3 Nxd6 37. Nxd6 Rbc7 38. Nxc8 Rxc8 39. Rd1 Rc7 40. Rd6 a4 41. bxa4 Rxc4 42. Rxd7 Rxa4 43. Rd6 Kf7 44. Rxb6 Re4+ 45. Kf3 Rc4 46. Rb7+ Kg6 47. Rb6 Kf7 48. Rb7+ Kg6 49. Re7 Rc6 50. Rd7 Rc3+ 51. Kf2 h6 52. Rd6 Kf7 53. Rd7+ Kg6 54. Ke2 h5 55. Kd2 Ra3 56. Ke2 Kh6 57. Rd6 h4 58. Rxe6+ Kh5 59. h3 Ra2+ 60. Kf1 g5 61. fxg5 Kxg5 62. Re8 Kf4 63. e6 Ra4 64. e7 Re4 65. Kf2 Re6 66. Rh8 Rxe7 67. Rxh4+ Kg5 68. Rb4 Rc7 69. Rb5 Rc2+ 70. Kg3 Rc3+ 71. Kh2 Kg6 72. Rb6+ Kg5 73. Kg1 Kf4 74. Rb4+ Kg3 75. Rb1 f4 76. Rf1 Rb3 77. Kh1 Rc3 78. Kg1 Rb3 79. h4 Rb4 80. h5 Kg4 81. h6 Rb6 82. h7 Rh6 83. Rd1 Rxh7 84. Rc1 Re7 85. Rf1 Re3 86. Rd1 Kg3 87. Rf1 Rd3 88. Rc1 Rd2 89. Rc3+ Kg4 90. Kh2 f3 91. Rxf3 Rd5 92. Rg3+ Kf4 93. Rh3 1-0

[Event "December 19 Early 2023"]
[Site "https://www.chess.com"]
[Date "2023.12.19"]
[Round "2"]
[White "Tworuszka, Michal"]
[Black "Kiseleva, Arina"]
[Result "0-1"]
[Board "223"]
[TimeControl "180+1"]
[WhiteFideId "1117858"]
[BlackFideId "4164989"]
[WhiteElo "2455"]
[BlackElo "1740"]
[WhiteTeam "POL"]
[BlackTeam "RUS"]
[WhiteClock "0:00:00"]
[BlackClock "0:00:41"]

1. e4 c6 2. d4 d5 3. e5 Bf5 4. h4 h5 5. Bd3 Bxd3 6. Qxd3 e6 7. Bg5 Be7 8. Nf3 Nh6 9. Nbd2 a6 10. c4 Nf5 11. Rd1 b5 12. cxd5 cxd5 13. Nb3 Nd7 14. O-O Bxg5 15. Nxg5 Nxh4 16. Qd2 Nf5 17. Na5 Rc8 18. Rc1 O-O 19. Rxc8 Qxc8 20. Qe2 g6 21. Qd2 Qd8 22. Rc1 Nxd4 23. Nb7 Qb6 0-1

[Event "December 19 Early 2023"]
[Site "https://www.chess.com"]
[Date "2023.12.19"]
[Round "2"]
[White "Demina, Marya"]
[Black "Eilers, Stefan"]
[Result "1-0"]
[Board "224"]
[TimeControl "180+1"]
[WhiteFideId "4195671"]
[BlackFideId "4609565"]
[WhiteElo "1978"]
[BlackElo "2454"]
[WhiteTeam "RUS"]
[BlackTeam "GER"]
[WhiteClock "0:00:16"]
[BlackClock "0:00:31"]

1. d4 d5 2. c4 e6 3. Nc3 c5 4. cxd5 exd5 5. Nf3 Nc6 6. e3 Nf6 7. Bd3 c4 8. Bc2 a6 9. a4 Nb4 10. Bb1 Bg4 11. O-O Be7 12. Re1 O-O 13. e4 dxe4 14. Nxe4 b5 15. h3 Bh5 16. Neg5 Bd6 17. Bd2 Nbd5 18. g4 Bg6 19. Ne5 Re8 20. Bxg6 fxg6 21. axb5 axb5 22. Rxa8 Qxa8 23. Qc2 Qc8 24. f4 Bxe5 25. fxe5 Nxg4 26. hxg4 Qxg4+ 27. Kh1 Rf8 28. Qe4 Qh5+ 29. Kg2 Ne7 30. Rh1 Nf5 31. Rxh5 gxh5 32. Qd5+ Kh8 33. Nf7+ 1-0

[Event "December 19 Early 2023"]
[Site "https://www.chess.com"]
[Date "2023.12.19"]
[Round "2"]
[White "Omariev, Maksim"]
[Black "Polak, Kinga"]
[Result "1-0"]
[Board "225"]
[TimeControl "180+1"]
[WhiteFideId "4193423"]
[BlackFideId "1134680"]
[WhiteElo "2454"]
[BlackElo "2075"]
[WhiteTeam "RUS"]
[BlackTeam "POL"]
[WhiteClock "0:00:37"]
[BlackClock "0:00:00"]

1. g4 d5 2. Bg2 e6 3. d4 b6 4. h3 Bb7 5. Nf3 Nc6 6. c3 Qd7 7. Bf4 f6 8. Nbd2 Bd6 9. Bxd6 Qxd6 10. e4 Nge7 11. Qe2 O-O-O 12. O-O-O Kb8 13. Kb1 g5 14. h4 h6 15. e5 fxe5 16. dxe5 Qd7 17. hxg5 hxg5 18. Nxg5 Ng6 19. Rxh8 Rxh8 20. Bh1 Ngxe5 21. f4 Qg7 22. Ka1 Bc8 23. Rg1 Ng6 24. Nxe6 Bxe6 25. Qxe6 Nge7 26. f5 Qg5 27. Nf3 Qf4 28. f6 Rxh1 29. Rxh1 Qxf3 30. Rb1 Na5 31. fxe7 1-0

[Event "December 19 Early 2023"]
[Site "https://www.chess.com"]
[Date "2023.12.19"]
[Round "2"]
[White "Hobson, Kenneth"]
[Black "Veleshnja, Zino"]
[Result "1/2-1/2"]
[Board "226"]
[TimeControl "180+1"]
[WhiteFideId "480819"]
[BlackFideId "4701313"]
[WhiteElo "1953"]
[BlackElo "2216"]
[WhiteTeam "ENG"]
[BlackTeam "ALB"]
[WhiteClock "0:00:07"]
[BlackClock "0:00:15"]

1. e4 c5 2. Nf3 d6 3. Bb5+ Nd7 4. c4 a6 5. Ba4 Nf6 6. Nc3 e6 7. O-O Be7 8. d4 cxd4 9. Qxd4 O-O 10. Rd1 Nc5 11. Bc2 e5 12. Qd2 Bg4 13. b4 Bxf3 14. gxf3 Ne6 15. Nd5 Nd4 16. Qc3 Nxd5 17. exd5 Bf6 18. Be4 Rc8 19. Be3 Qd7 20. Bxd4 exd4 21. Qd3 Be5 22. Bxh7+ Kh8 23. Bf5 Qe7 24. f4 Bxf4 25. Qh3+ Bh6 26. Bxc8 Qg5+ 27. Qg4 Rxc8 28. Qxg5 Bxg5 29. Rxd4 Bf6 30. Rad1 Bxd4 31. Rxd4 Kg8 32. Kf1 Kf8 33. Ke2 f5 34. Kd3 Ke7 35. Rh4 b5 36. Rf4 g5 37. Rxf5 Rxc4 38. Rxg5 Rxb4 39. Rf5 Rh4 40. Rg5 Rxh2 41. Rg7+ Kf6 42. Ra7 Rxf2 43. Rxa6 Ke5 44. Rb6 Rxa2 45. Rxb5 Ra1 46. Kd2 Ra3 47. Ke2 Kd4 48. Kd2 Ra2+ 49. Kc1 Kc4 50. Rb8 Kxd5 51. Rh8 Kc5 52. Kd1 d5 53. Rh4 d4 54. Rh5+ Kc4 55. Rh3 Rg2 56. Kc1 Kb4 57. Kd1 Kc4 58. Kc1 Rf2 59. Kd1 Rg2 1/2-1/2

[Event "December 19 Early 2023"]
[Site "https://www.chess.com"]
[Date "2023.12.19"]
[Round "2"]
[White "Petersson, Kjell"]
[Black "Forgacs, Attila Jr."]
[Result "0-1"]
[Board "227"]
[TimeControl "180+1"]
[WhiteFideId "1705148"]
[BlackFideId "773654"]
[WhiteElo "1994"]
[BlackElo "2168"]
[WhiteTeam "SWE"]
[BlackTeam "HUN"]
[WhiteClock "0:00:09"]
[BlackClock "0:00:13"]

1. d4 a6 2. Bf4 Nf6 3. Nc3 d6 4. e4 b5 5. Bd3 Bb7 6. f3 g6 7. Qd2 Bg7 8. Bh6 O-O 9. h4 c5 10. d5 e6 11. h5 exd5 12. hxg6 fxg6 13. Bxg7 Kxg7 14. Qh6+ Kg8 15. exd5 Qe7+ 16. Nge2 Nxd5 17. Nxd5 Bxd5 18. O-O-O Qg7 19. Qh2 Nc6 20. Bxg6 Qxg6 21. Rxd5 Nb4 22. Rd2 Rae8 23. a3 Nc6 24. Rxd6 Qg7 25. Nc3 Nd4 26. Rh6 Rf7 27. Ne4 Rxe4 28. fxe4 Qg5+ 29. Kb1 Qd2 30. g4 Qxh2 31. R1xh2 c4 32. Rxa6 Rf4 33. e5 Rxg4 34. e6 Re4 35. Rh6 Re1+ 36. Ka2 Nxc2 37. Ra7 Ra1# 0-1

[Event "December 19 Early 2023"]
[Site "https://www.chess.com"]
[Date "2023.12.19"]
[Round "2"]
[White "Federzoni, Enzo"]
[Black "Piddubna, Bozhena"]
[Result "0-1"]
[Board "228"]
[TimeControl "180+1"]
[WhiteFideId "2173301"]
[BlackFideId "34109293"]
[WhiteElo "2053"]
[BlackElo "1874"]
[WhiteTeam "BRA"]
[BlackTeam "UKR"]
[WhiteClock "0:00:03"]
[BlackClock "0:00:05"]

1. d4 Nf6 2. Nc3 d5 3. Bf4 e6 4. e3 Bb4 5. Bd3 O-O 6. Ne2 c5 7. dxc5 Bxc5 8. O-O Nc6 9. a3 e5 10. Bg5 Be6 11. Ng3 Be7 12. Qd2 e4 13. Be2 Qb6 14. Rab1 Rad8 15. Rfd1 h6 16. Bxf6 Bxf6 17. Bf1 Rd7 18. Nce2 Rfd8 19. Nd4 Nxd4 20. exd4 Bg5 21. Qe2 Rc7 22. c3 Qd6 23. Qe1 a6 24. c4 Bg4 25. c5 Qf6 26. Be2 Be6 27. Nf1 Qg6 28. Ne3 f5 29. Nf1 f4 30. f3 Bf5 31. Rbc1 Bf6 32. g4 fxg3 33. Qxg3 Qf7 34. f4 Rc6 35. Ne3 Bc8 36. Kh1 Kh8 37. Rg1 Rg8 38. Bg4 Bxd4 39. Bxc8 Rcxc8 40. Rg2 Rxc5 41. Rxc5 Bxc5 42. Ng4 Bd4 43. h3 Bf6 44. h4 d4 45. Kh2 d3 46. h5 Re8 47. Ne5 Qxh5+ 48. Kg1 Bxe5 49. fxe5 Qxe5 50. Kh1 Qxg3 51. Rxg3 e3 0-1

[Event "December 19 Early 2023"]
[Site "https://www.chess.com"]
[Date "2023.12.19"]
[Round "2"]
[White "Khegay, Yuliya"]
[Black "Lacasa Diaz, Josep Anton"]
[Result "0-1"]
[Board "229"]
[TimeControl "180+1"]
[WhiteFideId "14205394"]
[BlackFideId "2203375"]
[WhiteElo "1748"]
[BlackElo "2338"]
[WhiteTeam "UZB"]
[BlackTeam "ESP"]
[WhiteClock "0:00:00"]
[BlackClock "0:01:47"]

1. e4 c5 2. Nf3 d6 3. Bb5+ Nd7 4. d4 cxd4 5. Qxd4 a6 6. Bxd7+ Qxd7 7. O-O e5 8. Qd3 Qc6 9. Nc3 Be6 10. Nd5 Rc8 11. c3 Bxd5 12. exd5 Qc4 13. Qxc4 Rxc4 14. Rd1 Be7 15. Nd2 Rc8 16. a4 f5 17. f3 Nf6 18. c4 a5 19. b3 Bd8 20. Ba3 Bb6+ 21. Kf1 Kd7 0-1

[Event "December 19 Early 2023"]
[Site "https://www.chess.com"]
[Date "2023.12.19"]
[Round "2"]
[White "Herman, Daniel"]
[Black "Negron Lizarazo, Juan Sebastian"]
[Result "1-0"]
[Board "230"]
[TimeControl "180+1"]
[WhiteFideId "30935008"]
[BlackFideId "3936910"]
[WhiteElo "1897"]
[BlackElo "1647"]
[WhiteTeam "USA"]
[BlackTeam "COL"]
[WhiteClock "0:01:12"]
[BlackClock "0:01:04"]

1. c4 e5 2. Nc3 Nc6 3. Nf3 d6 4. e3 g6 5. d4 exd4 6. exd4 Bg7 7. Be2 Nge7 8. O-O O-O 9. Bg5 h6 10. Bh4 g5 11. Bg3 Nf5 12. d5 Nxg3 13. hxg3 Ne5 14. Nd4 Bd7 15. f4 Ng6 16. f5 Ne5 17. Ne4 f6 18. Ne6 Bxe6 19. dxe6 Qe7 20. Qd5 Rab8 21. c5 Rfd8 22. cxd6 cxd6 23. Rac1 Ng4 24. Bxg4 b6 25. Rc6 Bf8 26. Rfc1 Qb7 27. e7+ 1-0

[Event "December 19 Early 2023"]
[Site "https://www.chess.com"]
[Date "2023.12.19"]
[Round "2"]
[White "Feliz Dotel, Dewar Bienvenido"]
[Black "Gurevich, Dmitry"]
[Result "1-0"]
[Board "231"]
[TimeControl "180+1"]
[WhiteFideId "6402801"]
[BlackFideId "2000407"]
[WhiteElo "2069"]
[BlackElo "2506"]
[WhiteTeam "DOM"]
[BlackTeam "USA"]
[WhiteClock "0:00:25"]
[BlackClock "0:00:00"]

1. Nf3 Nf6 2. g3 d5 3. Bg2 c6 4. O-O Bf5 5. d4 h6 6. c4 e6 7. b3 Bd6 8. Nc3 O-O 9. Ne5 Nbd7 10. Nxd7 Qxd7 11. Re1 Bb4 12. Bb2 Ne4 13. Bxe4 dxe4 14. e3 Rfd8 15. a3 Be7 16. Ne2 Qc8 17. Qc2 Bf6 18. Nc3 e5 19. Nxe4 exd4 20. Nxf6+ gxf6 21. e4 Bg4 22. c5 Bf3 23. Qd3 Qg4 24. h3 Qh5 25. Kh2 Kf8 26. Bxd4 Bg4 27. h4 Be6 28. f3 Qg6 29. Qe3 1-0

[Event "December 19 Early 2023"]
[Site "https://www.chess.com"]
[Date "2023.12.19"]
[Round "2"]
[White "Spichkin, Alexander"]
[Black "Yushko, Olga"]
[Result "0-1"]
[Board "232"]
[TimeControl "180+1"]
[WhiteFideId "4144074"]
[BlackFideId "14114500"]
[WhiteElo "1955"]
[BlackElo "1891"]
[WhiteTeam "RUS"]
[BlackTeam "UKR"]
[WhiteClock "0:00:00"]
[BlackClock "0:00:24"]

1. f4 e6 2. Nf3 d5 3. e3 Nf6 4. b3 Be7 5. Bb2 O-O 6. Bd3 c5 7. O-O Nc6 8. Ne5 Qc7 9. Rf3 Ne4 10. Rh3 h6 11. Qh5 Nf6 12. Qe2 Ne4 13. Bxe4 dxe4 14. Nxc6 Qxc6 15. Rg3 f6 16. Qh5 Kh8 17. Qg6 Rg8 18. Rh3 Rf8 19. Rg3 Rg8 20. Nc3 Bd7 21. Qxe4 Qxe4 22. Nxe4 Bc6 23. Nf2 Rgd8 24. d3 b5 25. Re1 c4 26. Bd4 cxb3 27. axb3 a5 28. Ra1 a4 29. bxa4 bxa4 30. Nd1 Rdb8 31. e4 Bd6 32. Rf3 e5 33. fxe5 fxe5 34. Bc3 Rc8 35. Rf7 Be8 36. Rb7 Bc5+ 37. Kf1 Bc6 38. Rf7 Be8 39. Rb7 Bc6 40. Rbb1 Bd6 41. Ke2 Rf8 42. Kd2 Rac8 43. Rb6 Bc5 44. Ra6 Bd6 45. Ra2 Rf6 0-1

[Event "December 19 Early 2023"]
[Site "https://www.chess.com"]
[Date "2023.12.19"]
[Round "2"]
[White "Cramling Bellon, Anna"]
[Black "Novak, Ratko"]
[Result "0-1"]
[Board "233"]
[TimeControl "180+1"]
[WhiteFideId "32009232"]
[BlackFideId "14511827"]
[WhiteElo "1976"]
[BlackElo "2036"]
[WhiteTeam "SWE"]
[BlackTeam "CRO"]
[WhiteClock "0:00:00"]
[BlackClock "0:00:15"]

1. d4 d6 2. c4 c6 3. Nc3 e6 4. e4 f6 5. Nf3 b6 6. Bd3 Bb7 7. e5 dxe5 8. dxe5 Bb4 9. Nd4 Qe7 10. Qh5+ Qf7 11. Nxe6 g6 12. Qh3 Bc8 13. Nc7+ Kd8 14. e6 Qxc7 15. Be3 Bxc3+ 16. bxc3 Qe7 17. O-O-O Ke8 18. Bf4 Bxe6 19. g4 Kf7 20. Rhe1 Nd7 21. c5 Qxc5 22. Rxe6 Kxe6 23. g5+ f5 24. Re1+ Kf7 25. Be3 Qxc3+ 26. Bc2 Rd8 0-1

[Event "December 19 Early 2023"]
[Site "https://www.chess.com"]
[Date "2023.12.19"]
[Round "2"]
[White "Perossa, Nicolas"]
[Black "Saim, Mohamed Ilias"]
[Result "1-0"]
[Board "234"]
[TimeControl "180+1"]
[WhiteFideId "2850520"]
[BlackFideId "7900465"]
[WhiteElo "1934"]
[BlackElo "2063"]
[WhiteTeam "ITA"]
[BlackTeam "ALG"]
[WhiteClock "0:00:17"]
[BlackClock "0:00:04"]

1. b3 e5 2. Bb2 Nc6 3. Nf3 Bd6 4. d4 exd4 5. Nxd4 Nxd4 6. Qxd4 Nf6 7. Nd2 Be7 8. g4 c5 9. Qc3 h6 10. e3 d5 11. Bb5+ Bd7 12. Bxd7+ Qxd7 13. O-O-O d4 14. exd4 cxd4 15. Qxd4 Qxd4 16. Bxd4 Nxg4 17. Rhg1 Nf6 18. Rxg7 O-O-O 19. Nc4 Ne4 20. Rxf7 Bg5+ 21. f4 Rd7 22. Rxd7 Bxf4+ 23. Kb2 Kxd7 24. Bxh8+ 1-0

[Event "December 19 Early 2023"]
[Site "https://www.chess.com"]
[Date "2023.12.19"]
[Round "2"]
[White "Donatti, Alvaro"]
[Black "Serban, Cristian-Stefan"]
[Result "0-1"]
[Board "235"]
[TimeControl "180+1"]
[WhiteFideId "3000303"]
[BlackFideId "1241443"]
[WhiteElo "2138"]
[BlackElo "2040"]
[WhiteTeam "URU"]
[BlackTeam "ROU"]
[WhiteClock "0:00:25"]
[BlackClock "0:00:39"]

1. e4 g6 2. d4 Bg7 3. Nc3 a6 4. a4 b6 5. Nf3 d6 6. Be3 e6 7. Be2 Bb7 8. O-O Nd7 9. Qd2 Ne7 10. Bh6 O-O 11. Bxg7 Kxg7 12. Rad1 d5 13. e5 c5 14. Ne1 cxd4 15. Qxd4 Nc6 16. Qd2 Ndxe5 17. f4 Nd7 18. f5 gxf5 19. Rf3 Nde5 20. Rg3+ Ng6 21. Nf3 Qf6 22. Rh3 f4 23. Bd3 Nce5 24. Ne2 Nxf3+ 25. Rxf3 e5 26. Bxg6 hxg6 27. Qb4 d4 28. Rh3 f3 29. gxf3 Bxf3 30. Qd2 Rh8 31. Rg3 Bxe2 32. Qxe2 Rh4 33. Qg2 Rah8 34. Rd2 a5 35. Rf2 Rf4 36. Rxf4 Qxf4 37. Rf3 Qc1+ 38. Rf1 Qe3+ 39. Kh1 Rh4 40. Rf3 Qe1+ 41. Rf1 Qe4 42. Rf3 Rg4 43. Qf1 Rf4 0-1

[Event "December 19 Early 2023"]
[Site "https://www.chess.com"]
[Date "2023.12.19"]
[Round "2"]
[White "Sevostianov, Vladimir"]
[Black "Mizzi, Jack"]
[Result "1-0"]
[Board "236"]
[TimeControl "180+1"]
[WhiteFideId "4144163"]
[BlackFideId "5602521"]
[WhiteElo "2150"]
[BlackElo "2127"]
[WhiteTeam "RUS"]
[BlackTeam "MLT"]
[WhiteClock "0:01:22"]
[BlackClock "0:00:10"]

1. e4 c6 2. d4 d5 3. Nd2 dxe4 4. Nxe4 Bf5 5. Ng3 Bg6 6. Nf3 Nd7 7. h4 h6 8. h5 Bh7 9. Bd3 Bxd3 10. Qxd3 Ngf6 11. Bd2 e6 12. O-O-O Be7 13. c4 Qb6 14. Bc3 O-O-O 15. Qe2 Kb8 16. Rhe1 Qa6 17. Kb1 c5 18. d5 Nb6 19. dxe6 Nxc4 20. Rxd8+ Rxd8 21. exf7 Nd5 22. Bxg7 Bf6 23. Bxf6 Nxf6 24. Qe7 Qb6 25. b3 a5 26. f8=Q Rxf8 27. Qxf8+ Ka7 28. Ne4 Nd5 29. Qxc5 Qxc5 30. Nxc5 Na3+ 31. Kb2 Nb5 32. Rd1 Nb4 33. Rd7 Nc6 34. Rxb7+ Ka8 35. Rxb5 Ne7 36. Rxa5+ Kb8 37. Ne5 Nd5 38. Ncd7+ Kc7 39. Rxd5 Kd8 40. b4 Kc7 41. b5 Kd8 42. a4 Kc8 43. a5 Kb7 44. a6+ Ka8 45. Rc5 Ka7 46. Rc7+ Ka8 47. Nb6+ Kb8 48. Rb7# 1-0